Map: Paladino Terminal LE

Players

Gogglu

  • Race: Zerg Zerg
  • League: Silver
  • Spawn Location: 9:00

BIGFLLA - Winner!

  • Race: Protoss Protoss
  • League: Silver
  • Spawn Location: 5:00

VOD

Have the link to the VOD?

Description

Time

  • Played on: March 21, 2017, 6:52 a.m.
  • Length: 21:00
Show
View Real Time Build Order
Export as new Build Order

Gogglu Zerg 

Build Orders: Pool First 

Get SALT Encoding   

  12  0:02  Drone  
  13  0:44  Drone  
  14  0:56  Spawning Pool  
  13  0:57  Drone  
  13  1:04  Hatchery  
  13  1:29  Hatchery  
  13  1:31  Extractor, Drone  
  12  1:43  Drone x2  
  14  1:51  Overlord  
  14  2:09  Zergling x2  
  14  2:10  Zergling x2  
  16  2:26  Drone x3  
  19  2:54  Drone x3  
  19  2:55  Drone x4  
  26  3:02  Queen  
  28  3:17  Drone x4  
  32  3:40  Queen  
  34  3:42  Metabolic Boost, Roach Warren  
  33  3:51  Drone  
  33  3:53  Overlord x2  
  34  4:05  Spine Crawler  
  34  4:06  Queen  
  34  4:07  Spine Crawler  
  34  4:09  Spore Crawler  
  33  4:12  Spore Crawler  
  33  4:16  Spore Crawler  
  31  4:27  Drone x3  
  31  4:28  Drone x2  
  36  4:35  Drone  
  36  4:36  Drone x2  
  39  4:39  Drone  
  40  4:46  Drone x2  
  40  4:47  Drone  
  43  4:53  Lair  
  43  4:57  Drone x2  
  43  4:59  Drone  
  46  5:02  Drone  
  46  5:03  Drone  
  46  5:06  Drone  
  50  5:07  Drone  
  50  5:11  Evolution Chamber  
  49  5:14  Evolution Chamber  
  49  5:17  Drone  
  49  5:18  Drone  
  49  5:19  Overlord  
  50  5:28  Extractor  
  50  5:29  Extractor  
  50  5:31  Extractor  
  50  5:32  Extractor  
  50  5:34  Extractor  
  45  5:38  Drone, Burrow  
  45  5:39  Drone x6  
  45  5:42  Pneumatized Carapace  
  52  5:47  Drone x4  
  52  5:48  Drone  
  58  5:50  Drone  
  58  6:03  Zerg Missile Weapons Level 1  
  58  6:17  Overlord  
  58  6:18  Overlord x4  
  58  6:19  Overlord  
  58  6:42  Spire  
  58  6:44  Spore Crawler  
  58  6:45  Drone  
  58  6:46  Drone x7  
  64  6:48  Spore Crawler, Roach x5  
  64  6:49  Roach  
  64  6:52  Overseer  
  64  6:53  Overseer x2  
  75  7:04  Spore Crawler  
  75  7:08  Roach x5  
  84  7:19  Roach x4  
  84  7:20  Roach  
  94  7:30  Zerg Ground Armor Level 1  
  94  7:34  Roach x5  
  104  7:50  Ravager x2  
  104  7:51  Hatchery, Ravager  
  105  7:53  Overlord x2  
  106  8:02  Overlord x3  
  106  8:05  Overlord  
  106  8:17  Hydralisk Den  
  106  8:19  Zerg Missile Weapons Level 2  
  105  8:21  Infestation Pit  
  104  8:37  Roach x3  
  104  8:38  Roach x6  
  122  8:47  Lurker Den  
  122  8:49  Roach x2  
  122  8:51  Corruptor  
  128  9:03  Corruptor x2  
  128  9:09  Glial Reconstitution  
  132  9:12  Roach  
  134  9:27  Drone x3  
  134  9:28  Drone x6  
  143  9:37  Corruptor, Extractor  
  143  9:38  Corruptor  
  144  9:40  Extractor  
  144  9:43  Drone  
  144  9:44  Drone  
  146  10:12  Roach x2  
  146  10:13  Roach x5  
  144  10:28  Tunneling Claws  
  121  10:31  Roach x6  
  121  10:32  Roach x3  
  110  10:46  Roach x4  
  110  10:47  Roach x2  
  122  10:56  Queen  
  124  11:00  Overlord x2  
  124  11:03  Infestor x2  
  128  11:06  Infestor  
  130  11:11  Swarm Host  
  130  11:18  Roach x6  
  145  11:28  Mutalisk  
  145  11:29  Hydralisk x4  
  145  11:30  Hydralisk x2  
  159  11:33  Overlord x4  
  159  11:45  Overlord  
  159  11:57  Lurker x2  
  159  12:00  Hatchery  
  160  12:01  Mutalisk x4  
  160  12:02  Mutalisk x2  
  106  12:24  Roach x3  
  106  12:25  Roach x7  
  102  12:42  Mutalisk x5  
  110  12:49  Roach x2  
  114  12:52  Drone  
  114  12:54  Drone x2  
  114  12:55  Drone  
  119  12:58  Drone x2  
  118  13:45  Mutalisk x5  
  118  13:46  Mutalisk x4  
  118  13:47  Mutalisk  
  136  14:10  Mutalisk x2  
  140  15:10  Infestor x2, Swarm Host x4  
  140  15:12  Roach  
  160  15:14  Roach  
  152  15:41  Drone  
  152  15:42  Drone x7  
  160  15:43  Drone x3  
  160  15:44  Drone x3  
  160  15:49  Roach  
  168  15:54  Hydralisk x3  
  168  15:55  Hydralisk  
  178  15:58  Lurker  
  178  15:59  Lurker  
  153  16:39  Roach x6  
  163  16:40  Roach x6  
  160  16:53  Roach x4  
  144  17:04  Spine Crawler  
  144  17:07  Spine Crawler x2  
  144  17:08  Spine Crawler x3  
  122  17:10  Spine Crawler x2  
  122  17:13  Spine Crawler  
  89  17:26  Hatchery  
  81  17:37  Hatchery  
  69  17:58  Queen  
  71  18:06  Hydralisk  
  71  18:07  Hydralisk x7  
  71  18:08  Hydralisk  
  87  18:20  Zergling x6  
  88  18:34  Mutalisk x3  
  94  18:47  Zergling x8  
  98  18:50  Lurker  
  98  18:51  Lurker x2  
  101  18:58  Spine Crawler  
  100  19:05  Spine Crawler  
  100  19:06  Spine Crawler x2  
  100  19:07  Spine Crawler x2  
  100  19:08  Spine Crawler  
  89  19:10  Spine Crawler  
  89  19:12  Spine Crawler  
  80  19:24  Roach x3  
  80  19:25  Roach x2  
  90  19:33  Lurker x2  
  92  19:43  Hydralisk  
  87  19:50  Lurker  
  88  20:22  Roach x2  
  92  20:32  Spine Crawler  
Show
View Real Time Build Order
Export as new Build Order

BIGFLLA Protoss - Winner!

Build Orders: 1 Gate Expand 

Get SALT Encoding   

  12  0:01  Probe (Chrono Boost)  
  13  0:13  Probe (Chrono Boost)  
  14  0:20  Pylon  
  14  0:24  Probe (Chrono Boost)  
  15  0:38  Probe (Chrono Boost)  
  16  0:42  Gateway  
  16  0:53  Assimilator  
  16  0:54  Probe (Chrono Boost)  
  17  1:05  Probe (Chrono Boost)  
  18  1:16  Probe (Chrono Boost)  
  19  1:31  Nexus  
  19  1:34  Probe (Chrono Boost)  
  20  1:44  Probe (Chrono Boost)  
  21  1:50  Cybernetics Core  
  21  1:57  Pylon  
  21  2:00  Probe (Chrono Boost)  
  22  2:13  Probe (Chrono Boost)  
  23  2:16  Zealot  
  25  2:23  Assimilator  
  25  2:26  Probe (Chrono Boost)  
  26  2:30  Pylon  
  26  2:38  Probe (Chrono Boost)  
  26  2:49  Mothership Core (Chrono Boost)  
  26  2:50  Probe (Chrono Boost)  
  29  2:53  Twilight Council  
  29  3:00  Probe (Chrono Boost)  
  30  3:07  Probe (Chrono Boost)  
  30  3:11  Probe (Chrono Boost)  
  32  3:17  Assimilator  
  32  3:18  Probe (Chrono Boost)  
  33  3:21  Resonating Glaives, Probe (Chrono Boost)  
  33  3:23  Assimilator  
  34  3:28  Probe (Chrono Boost)  
  35  3:38  Warp Gate  
  35  3:42  Zealot  
  37  3:51  Probe (Chrono Boost)  
  37  3:52  Probe (Chrono Boost)  
  39  4:01  Probe (Chrono Boost)  
  40  4:04  Probe (Chrono Boost)  
  40  4:09  Gateway  
  41  4:11  Gateway  
  41  4:12  Probe (Chrono Boost)  
  41  4:14  Gateway  
  41  4:16  Probe (Chrono Boost)  
  43  4:23  Pylon  
  43  4:29  Pylon  
  43  4:33  Probe (Chrono Boost)  
  43  4:34  Probe (Chrono Boost)  
  45  4:38  Pylon  
  45  4:41  Pylon  
  45  4:43  Probe (Chrono Boost)  
  45  4:45  Pylon  
  47  4:46  Probe (Chrono Boost)  
  47  4:47  Stalker  
  49  5:08  Forge  
  49  5:10  Forge  
  49  5:13  Templar Archives  
  49  5:18  Robotics Facility  
  49  5:26  Adept x2  
  49  5:27  Adept  
  55  5:30  Adept, Protoss Ground Weapons Level 1  
  55  5:31  Protoss Ground Armor Level 1  
  57  5:50  Psionic Storm  
  57  5:53  Sentry  
  57  5:54  Sentry  
  57  5:55  Sentry  
  63  5:57  Sentry  
  65  6:08  Immortal  
  69  6:43  High Templar x2  
  73  6:47  Immortal  
  73  6:50  Nexus  
  77  6:54  Assimilator  
  77  6:58  Assimilator  
  77  7:00  Probe x2 (Chrono Boost)  
  79  7:06  Pylon  
  79  7:09  Pylon  
  79  7:11  Pylon  
  79  7:13  Protoss Ground Armor Level 2, Protoss Ground Weapons Level 2  
  79  7:17  Gateway  
  79  7:20  Gateway  
  79  7:22  Gateway  
  79  7:28  Immortal  
  83  7:36  High Templar  
  85  7:40  Zealot x2  
  89  8:08  Probe (Chrono Boost)  
  89  8:10  Probe x2 (Chrono Boost)  
  92  8:19  Probe (Chrono Boost)  
  93  8:22  Probe x2 (Chrono Boost)  
  93  8:26  High Templar x3  
  101  8:30  Zealot x4, Probe (Chrono Boost)  
  112  8:34  Charge, Probe x2 (Chrono Boost)  
  112  8:53  Observer  
  113  9:00  Stalker  
  113  9:01  Stalker x3  
  113  9:02  Stalker x2  
  125  9:15  Observer  
  126  9:19  Probe (Chrono Boost)  
  126  9:20  Probe (Chrono Boost)  
  126  9:21  Probe (Chrono Boost)  
  129  9:30  Probe (Chrono Boost)  
  132  9:32  High Templar  
  132  9:33  Probe x2 (Chrono Boost)  
  133  9:39  Nexus  
  133  9:42  Assimilator  
  133  9:47  Assimilator  
  96  10:41  Archon x3  
  94  10:44  High Templar x7  
  94  10:48  Nexus  
  108  11:14  Protoss Ground Armor Level 3, Protoss Ground Weapons Level 3  
  108  11:37  Immortal  
  114  11:41  Probe x2 (Chrono Boost)  
  114  11:47  Probe (Chrono Boost)  
  114  11:53  Probe x2 (Chrono Boost)  
  117  11:58  Probe (Chrono Boost)  
  100  12:16  Immortal  
  84  12:41  Stalker x4  
  84  12:42  Stalker x2  
  92  12:48  Stalker  
  94  12:56  Immortal  
  78  13:35  Immortal  
  82  13:47  Blink  
  75  14:01  Archon x4  
  73  14:17  Probe (Chrono Boost)  
  73  14:18  Probe (Chrono Boost)  
  73  14:19  Probe x2 (Chrono Boost)  
  77  14:25  Stalker x4  
  77  14:26  Stalker x3  
  77  14:28  Probe x2 (Chrono Boost)  
  77  14:31  Probe x2 (Chrono Boost)  
  91  14:39  Probe x2 (Chrono Boost)  
  91  14:43  Probe x2 (Chrono Boost)  
  92  14:49  Mothership Core (Chrono Boost)  
  89  15:00  Stalker x2  
  89  15:01  Stalker x2  
  89  15:02  Stalker x3  
  99  15:13  Immortal  
  101  15:15  Probe (Chrono Boost)  
  101  15:16  Probe (Chrono Boost)  
  101  15:17  Probe x2 (Chrono Boost)  
  105  15:48  Stalker x5  
  105  15:49  Stalker  
  117  15:52  Immortal  
  121  16:20  Stalker x2  
  125  16:34  Observer  
  103  16:55  Observer  
  73  18:40  Assimilator  
  73  18:44  Assimilator  
  72  19:39  Stalker  
  74  19:47  Probe x2 (Chrono Boost)  
  76  19:57  Probe x2 (Chrono Boost)  
  78  20:11  Probe (Chrono Boost)  
  78  20:47  Probe x2 (Chrono Boost)  
Tags
 
Add a new tag
Caveats
  • Supply blocks, unpowered buildings, or Contaminate may cause inaccurate times.
  • Supply counts are checked every 10 seconds.